Map: Catalyst LE

Players

Elazer - Winner!

  • Race: Zerg Zerg
  • Spawn Location: 5:00

喵喵喵 (Oliveira)

  • Race: Terran Terran
  • Spawn Location: 11:00

Event: WESG 2017 Haikou

VOD

Have the link to the VOD?

Description

Time

  • Played on: March 13, 2018, 10:54 p.m.
  • Length: 9:34

All games in this series

Show
View Real Time Build Order
Export as new Build Order

Elazer Zerg - Winner!

Build Orders: Hatch First 

Get SALT Encoding   

  12  0:00  Drone  
  13  0:13  Overlord  
  13  0:17  Drone  
  14  0:31  Drone x2  
  16  0:48  Hatchery  
  15  0:52  Drone  
  15  0:55  Drone  
  17  0:59  Drone  
  18  1:09  Extractor  
  17  1:14  Spawning Pool  
  17  1:17  Drone  
  17  1:20  Drone  
  18  1:28  Drone  
  19  1:39  Drone  
  20  1:50  Drone  
  21  2:00  Queen  
  21  2:01  Zergling x2, Queen  
  23  2:02  Zergling x2  
  27  2:14  Hatchery  
  26  2:17  Drone  
  26  2:22  Overlord  
  27  2:27  Drone  
  28  2:33  Metabolic Boost  
  28  2:43  Queen  
  30  2:44  Drone x2  
  30  2:49  Overlord  
  33  2:51  Drone  
  33  2:54  Drone  
  34  2:59  Drone x2  
  36  3:14  Drone  
  36  3:15  Drone x2  
  36  3:16  Drone  
  36  3:18  Drone x2  
  42  3:20  Queen  
  42  3:23  Overlord  
  44  3:29  Drone x2  
  44  3:32  Drone  
  47  3:38  Drone x2  
  47  3:39  Extractor  
  48  3:44  Drone  
  48  3:45  Queen  
  51  3:49  Overlord  
  51  3:53  Lair  
  51  3:54  Zergling x2  
  51  3:55  Zergling x4  
  54  3:59  Zergling x4  
  56  4:03  Queen  
  56  4:06  Overlord  
  58  4:16  Roach Warren, Drone  
  58  4:18  Overlord  
  58  4:25  Drone x3  
  58  4:26  Drone x3  
  58  4:27  Extractor  
  58  4:29  Drone x2  
  65  4:31  Drone  
  65  4:34  Overlord  
  65  4:36  Drone  
  67  4:43  Overlord, Spore Crawler  
  67  4:45  Drone  
  67  4:47  Drone x2  
  67  4:48  Drone  
  70  4:55  Overlord  
  70  4:59  Roach x3  
  76  5:01  Roach  
  76  5:05  Roach x2  
  82  5:10  Roach x2  
  86  5:15  Roach  
  88  5:23  Roach x5  
  94  5:33  Queen  
  92  5:39  Roach x5  
  95  5:44  Queen  
  97  5:51  Glial Reconstitution  
  97  5:52  Overlord  
  97  5:55  Overlord  
  97  6:01  Overlord  
  96  6:08  Ravager  
  96  6:09  Overlord  
  96  6:10  Queen  
  99  6:12  Ravager x2  
  99  6:13  Drone x3, Ravager  
  99  6:14  Drone x3  
  108  6:18  Evolution Chamber  
  108  6:20  Drone x2, Evolution Chamber  
  108  6:24  Overlord  
  108  6:32  Overlord  
  108  6:35  Overlord  
  108  6:36  Drone  
  108  6:43  Overlord  
  108  6:49  Overlord  
  105  6:54  Overlord  
  105  6:55  Drone x2  
  105  6:56  Drone x5  
  100  7:01  Zerg Ground Armor Level 1, Zerg Missile Weapons Level 1, Overlord  
  100  7:03  Drone, Extractor  
  100  7:05  Extractor  
  100  7:07  Drone  
  100  7:08  Drone  
  88  7:19  Overlord  
  88  7:20  Drone x2  
  84  7:23  Hatchery  
  84  7:27  Overlord  
  84  7:29  Drone x3  
  79  7:33  Roach x2  
  79  7:34  Roach x5  
  89  7:40  Hydralisk Den  
  89  7:43  Roach x2  
  92  7:44  Spore Crawler  
  92  7:47  Overseer  
  92  7:49  Drone  
  92  7:50  Extractor  
  91  7:52  Queen  
  91  7:55  Drone x3  
  96  7:58  Spore Crawler  
  96  8:01  Ravager x3  
  96  8:03  Roach x5  
  108  8:07  Roach  
  108  8:08  Roach x6  
  122  8:13  Ravager, Overlord  
  121  8:21  Roach x2  
  108  8:29  Roach x2  
  108  8:33  Roach x4  
  111  8:36  Roach x5  
  111  8:37  Roach, Queen  
  111  8:41  Roach x2  
  121  8:44  Queen  
  121  8:48  Roach x2  
  127  8:50  Roach  
  129  8:58  Roach x4  
  139  9:12  Drone x2  
  139  9:16  Drone x3  
  144  9:20  Drone x3  
Show
View Real Time Build Order
Export as new Build Order

喵喵喵 Terran 

Build Orders: Hellion Opening, Reaper Expand 

Get SALT Encoding   

  12  0:01  SCV  
  13  0:13  SCV  
  14  0:17  Supply Depot  
  14  0:25  SCV  
  15  0:39  SCV  
  15  0:40  Barracks  
  16  0:44  Refinery  
  16  0:51  SCV  
  17  1:03  SCV  
  18  1:15  SCV  
  19  1:28  Orbital Command, Reaper  
  20  1:41  Command Center  
  20  1:52  Supply Depot  
  20  1:55  SCV  
  20  2:00  Marine  
  22  2:07  SCV  
  22  2:08  Factory  
  23  2:13  Refinery  
  23  2:19  SCV  
  23  2:22  Barracks Reactor  
  24  2:31  SCV  
  25  2:43  SCV  
  26  2:53  Starport  
  26  2:54  Orbital Command  
  26  2:55  SCV  
  27  3:03  Hellion x2  
  31  3:07  SCV  
  31  3:09  Barracks Tech Lab  
  32  3:19  SCV  
  33  3:20  SCV  
  33  3:24  Hellion x2  
  38  3:31  SCV  
  38  3:32  Viking  
  38  3:33  Supply Depot  
  41  3:35  SCV  
  41  3:39  Concussive Shells  
  44  3:43  SCV  
  44  3:47  SCV  
  46  3:51  Supply Depot  
  46  3:55  Hellion x2  
  50  3:56  Marauder  
  50  3:58  SCV  
  50  4:00  SCV  
  50  4:02  Medivac  
  54  4:08  Armory  
  54  4:16  Hellion x2  
  58  4:17  Supply Depot  
  58  4:18  SCV  
  58  4:20  SCV  
  60  4:30  SCV  
  61  4:32  SCV  
  62  4:39  Hellion x2  
  62  4:42  Raven, SCV  
  67  4:47  Supply Depot  
  67  4:48  SCV  
  67  4:50  Supply Depot  
  68  4:55  SCV  
  69  5:00  SCV  
  70  5:12  Hellion x2, Command Center  
  70  5:13  Refinery x2  
  74  5:18  SCV  
  75  5:31  SCV  
  75  5:33  Hellion  
  75  5:34  Hellion  
  80  5:37  SCV  
  80  5:40  Raven, Barracks Reactor  
  80  5:42  Factory  
  65  5:47  SCV  
  67  5:50  SCV  
  67  5:56  Supply Depot  
  67  5:59  SCV  
  67  6:02  SCV  
  70  6:04  Cyclone  
  70  6:06  Cyclone  
  73  6:11  SCV  
  73  6:14  SCV, Terran Vehicle Weapons Level 1  
  75  6:23  SCV  
  76  6:26  SCV, Banshee  
  76  6:27  Supply Depot  
  76  6:32  Cyclone  
  83  6:33  Hellion  
  83  6:35  SCV  
  78  6:59  Cyclone x2  
  67  7:01  Cyclone  
  67  7:03  SCV x2  
  53  7:11  Cyclone  
  53  7:15  SCV x2  
  55  7:26  Orbital Command  
  55  7:27  SCV  
  55  7:28  SCV  
  54  7:31  Cyclone  
  56  7:39  SCV  
  56  7:40  SCV  
  58  7:44  Supply Depot  
  58  7:45  Hellion  
  58  7:47  Hellion x2  
  58  7:48  Liberator  
  58  7:49  Supply Depot  
  64  7:51  SCV x2  
  64  7:52  SCV  
  67  8:03  Hellion  
  69  8:06  SCV x3, Hellion  
  69  8:08  Supply Depot  
  69  8:11  Hellion x2, Supply Depot  
  81  8:18  SCV x2  
  83  8:25  Hellion  
  82  8:28  Hellion  
  82  8:32  Cyclone x2  
  79  8:38  SCV  
  79  8:39  SCV  
  75  8:46  Cyclone  
  73  8:49  Cyclone  
  73  8:50  SCV  
  73  8:51  SCV  
  78  8:57  Orbital Command  
  78  8:58  Factory  
  78  8:59  Factory  
  78  9:00  Factory  
  78  9:03  SCV  
  78  9:06  SCV  
  78  9:09  Hellion  
  82  9:15  SCV  
  83  9:18  SCV  
  83  9:19  Starport Reactor  
Tags
 
Add a new tag
Caveats
  • Supply blocks, unpowered buildings, or Contaminate may cause inaccurate times.
  • Supply counts are checked every 10 seconds.